 Dungeon Sprint DCSS version 0.24.0-125-gc4c63601f3 (webtiles) character file.

Game seed: 14727396102740732479, levelgen mode: deterministic

426 Groucho the Unseen (level 6, -9/35 HPs)
             Began as a Tengu Assassin on Mar 18, 2020.
             Was an Initiate of Dithmenos.
             Mangled by a slime creature (18 damage)
             ... in the Dungeon (Sprint I: "Red Sonja").
             The game lasted 00:02:17 (570 turns).

Groucho the Unseen (Tengu Assassin)                  Turns: 570, Time: 00:02:18

Health: -9/35      AC:  3    Str: 12    XL:     6   Next: 97%
Magic:  7/7        EV: 12    Int: 11    God:    Dithmenos [......]
Gold:   297        SH:  0    Dex: 17    Spells: 5/5 levels left

rFire    . . .     SeeInvis .   a - +2 dagger
rCold    . . .     Gourm    .   (no shield)
rNeg     . . .     Faith    .   b - +0 robe
rPois    .         Spirit   .   (helmet restricted)
rElec    .         Reflect  .   c - +0 cloak
rCorr    .         Harm     .   (no gloves)
MR       .....     NoTele   +   (boots unavailable)
Stlth    ++++++....             (no amulet)
HPRegen  0.11/turn              (no ring)
MPRegen  0.10/turn              (no ring)

@: no status effects
A: beak, talons 3, able to fly
a: Fly, Renounce Religion


You were in the Dungeon.
You worshipped Dithmenos.
Dithmenos was noncommittal.
You were not hungry.

You visited 1 branch You collected 297 gold pieces.

Inventory:

Hand Weapons
 a - a +2 dagger (weapon)
Missiles
 d - 12 poisoned darts (quivered)
 e - 2 curare-tipped darts
Armour
 b - a +0 robe (worn)
 c - a +0 cloak (worn)
Scrolls
 l - a scroll of blinking
Potions
 g - a potion of curing
 h - a potion of heal wounds
 i - a potion of haste
 j - 2 potions of magic
 m - a potion of might {unknown}
Comestibles
 f - a ration
 k - a chunk of flesh


   Skills:
 + Level 2.0 Fighting
 + Level 2.1 Short Blades
 - Level 2.0 Throwing
 + Level 1.1 Dodging
 + Level 15.2 Stealth


You had 5 spell levels left.
You didn't know any spells.
Your spell library contained the following spells:

 Spells                   Type           Power        Failure   Level  Hunger
 Sting                    Conj/Pois      #...         34%         1    ##.....
 Poisonous Vapours        Pois/Air       #.....       47%         2    ###....
 Mephitic Cloud           Conj/Pois/Air  #.......     71%         3    ####...
 Olgreb's Toxic Radiance  Pois           #.......     98%         4    #####..
 Venom Bolt               Conj/Pois      #.........   100%        5    ######.


Dungeon Overview and Level Annotations

Branches:
Dungeon (1/1)

Altars:
Cheibriados
Dithmenos
Elyvilon
Fedhas
Gozag
Hepliaklqana
Kikubaaqudgha
Makhleb
Nemelex Xobeh
Okawaru
Qazlal
Ru
Sif Muna
Trog
Uskayaw
Vehumet
Wu Jian
Xom
Yredelemnul
Zin
The Shining One
Jiyva
Lugonu

Shops:
D *


Innate Abilities, Weirdness & Mutations

You have a beak for a mouth.
You have claws for feet.
You can fly continuously.


Message History

The slime creature hits you!
Found a viscous altar of Jiyva and a corrupted altar of Lugonu.
There is an open door, spattered with blood here.
You completely miss the slime creature. You claw the slime creature.
The slime creature is lightly wounded.
The slime creature hits you but does no damage.
You hit the slime creature. You claw the slime creature.
The slime creature is lightly wounded.
You hit the slime creature.
The slime creature is lightly wounded.
The slime creature hits you.
You hit the slime creature. You claw the slime creature!
The slime creature is moderately wounded.
The slime creature hits you.
* * * LOW HITPOINT WARNING * * *
You hit the slime creature.
The slime creature is moderately wounded.
The slime creature hits you!!
Ouch! That really hurt!
You die...

###################
#<.#.[').#.)'..#__#
#..'..#..'..#.@J^.+
#..#####+#####'#__#
#..####..#...#.####
#..#__####..##.#
#..#_____##'#_.+
#⌠⌠#_.∩...'..._#
####_..__##_.#'#
#_____###+#.#
####### ###


You could see a slime creature.

Vanquished Creatures
  Sigmund (D)
  A yak (D)
  An ogre (D)
  A jelly (D)
  Ijyb (D)
5 creatures vanquished.

Vanquished Creatures (others)
  A hornet (D)
1 creature vanquished.

Grand Total: 6 creatures vanquished

Notes
Turn   | Place    | Note
-------+----------+-------------------------------------------
     0 | D        | Groucho the Tengu Assassin began the quest for the Orb.
     0 | D        | Reached XP level 1. HP: 12/12 MP: 2/2
     2 | D        | Noticed Ijyb
     8 | D        | Killed Ijyb
     8 | D        | Reached skill level 7 in Stealth
     8 | D        | Reached XP level 2. HP: 17/17 MP: 3/3
     8 | D        | Reached XP level 3. HP: 21/21 MP: 4/4
    13 | D        | Noticed an ogre
    16 | D        | Killed an ogre
    16 | D        | Reached skill level 10 in Stealth
    16 | D        | Reached XP level 4. HP: 18/26 MP: 5/5
   465 | D        | Noticed Sigmund
   467 | D        | Killed Sigmund
   467 | D        | Reached skill level 13 in Stealth
   467 | D        | Gained mutation: You can fly continuously. [Tengu growth]
   467 | D        | Reached XP level 5. HP: 30/30 MP: 6/6
   467 | D        | Reached XP level 6. HP: 35/35 MP: 7/7
   490 | D        | Found a shimmering blue altar of Sif Muna.
   491 | D        | Found an ornate altar of the Wu Jian Council.
   492 | D        | Found a radiant altar of Vehumet.
   531 | D        | Found Rany's General Store.
   531 | D        | Found an ancient bone altar of Kikubaaqudgha.
   531 | D        | Found a hazy altar of Hepliaklqana.
   531 | D        | Found a stormy altar of Qazlal.
   531 | D        | Found a hide-covered altar of Uskayaw.
   531 | D        | Found a blossoming altar of Fedhas.
   531 | D        | Found a bloodstained altar of Trog.
   531 | D        | Found an iron altar of Okawaru.
   531 | D        | Found a basalt altar of Yredelemnul.
   531 | D        | Found a glowing golden altar of the Shining One.
   531 | D        | Found a snail-covered altar of Cheibriados.
   531 | D        | Found a sacrificial altar of Ru.
   531 | D        | Found a glowing silver altar of Zin.
   531 | D        | Found a shadowy altar of Dithmenos.
   531 | D        | Found a white marble altar of Elyvilon.
   531 | D        | Noticed a yak
   532 | D        | Found an opulent altar of Gozag.
   533 | D        | Killed a yak
   533 | D        | Reached skill level 15 in Stealth
   534 | D        | Found a sparkling altar of Nemelex Xobeh.
   544 | D        | Became a worshipper of Dithmenos the Shadowed
   563 | D        | Found a burning altar of Makhleb.
   563 | D        | Found a shimmering altar of Xom.
   563 | D        | Noticed a slime creature
   563 | D        | Killed a hornet
   564 | D        | Found a viscous altar of Jiyva.
   564 | D        | Found a corrupted altar of Lugonu.
   570 | D        | Mangled by a slime creature

Levels and vault maps discovered:
D:        dungeon_sprint_1 [red_sonja_temple_1, red_sonja_temple_small_1]

Skill      XL: |  1  2  3  4  5  6 |
---------------+-------------------+-----
Stealth        | 7 10 13 15 | 15.2
Fighting       | |  2.0
Short Blades   | |  2.1
Throwing       | |  2.0
Dodging        | |  1.1

Action                   |  1- 3 |  4- 6 || total
-------------------------+-------+-------++-------
Melee: Dagger            |     7 |     8 ||    15
       Kick              |     1 |     3 ||     4
       Peck              |     1 |       ||     1
  Use: Potion            |     1 |       ||     1
 Stab: Sleeping          |     1 |     3 ||     4
Armor: Robe              |       |     1 ||     1
Dodge: Dodged            |     2 |       ||     2
